 Dungeon Crawl Stone Soup version 0.28-a0-863-g8cecda6153 (webtiles) character file.

Game seed: 5769677171576967525

15004 1994 the Cleaver (level 11, -2/92 HPs)
             Began as a Demigod Gladiator on Nov 19, 2021.
             Slain by a molten gargoyle (7 damage)
             ... on level 14 of the Dungeon.
             The game lasted 00:24:40 (18070 turns).

1994 the Cleaver (Demigod Gladiator)               Turns: 18070, Time: 00:24:41

Health: -2/92      AC: 22    Str: 27    XL:     11   Next: 64%
Magic:  14/14      EV: 13    Int: 10    God:
Gold:   1300       SH:  9    Dex: 15    Spells: 10/10 levels left

rFire   . . .      SeeInvis .   a - +0 war axe (vorpal)
rCold   . . .      Faith    .   L - +0 kite shield
rNeg    . . .      Spirit   .   q - +0 chain mail
rPois   .          Reflect  .   m - +0 helmet
rElec   .          Harm     .   h - +1 cloak
rCorr   .          Rampage  .   O - +1 pair of gloves
Will    +....                   N - +0 pair of boots
Stlth   ..........              (no amulet)
HPRegen 0.25/turn               n - +4 ring of protection
MPRegen 0.14/turn               J - +4 ring of evasion

@: no status effects
A: high mp 1, forlorn
a: no special abilities


You were on level 14 of the Dungeon.
You visited 2 branches of the dungeon, and saw 13 of its levels.

You collected 1300 gold pieces.

Inventory:

Hand Weapons
 a - a +0 vorpal war axe (weapon)
 b - a +1 trident of venom
 C - a +0 flail of protection
Missiles
 d - 5 throwing nets
 g - 392 stones
 v - 68 poisoned darts (quivered)
 E - 6 atropa-tipped darts
 Q - 3 boomerangs
 R - 2 silver boomerangs
 T - 3 curare-tipped darts
Armour
 c - +0 acid dragon scales
 h - a +1 cloak (worn)
 k - a +2 leather armour of fire resistance
 m - a +0 helmet (worn)
 q - a +0 chain mail (worn)
 L - a +0 kite shield (worn)
 N - a +0 pair of boots (worn)
 O - a +1 pair of gloves (worn)
Magical Staves
 w - a staff of death
 A - a staff of cold
Jewellery
 i - a ring of willpower
 n - a +4 ring of protection (left hand)
 r - a ring of flight
 z - a ring of willpower
 J - a +4 ring of evasion (right hand)
 K - a ring of wizardry
Wands
 H - a wand of digging (4)
Scrolls
 f - a scroll of acquirement {unknown}
 j - a scroll of fog {unknown}
 l - 2 scrolls of magic mapping
 p - a scroll of summoning {unknown}
 s - 4 scrolls of fear
 t - a scroll of blinking
 x - 6 scrolls of teleportation
 y - a scroll of noise {unknown}
 M - a scroll of vulnerability {unknown}
 P - a scroll of brand weapon {unknown}
Potions
 e - a potion of lignification
 o - a potion of flight
 u - 2 potions of ambrosia
 B - 2 potions of might
 D - 3 potions of heal wounds
 F - a potion of curing
 G - a potion of attraction
 I - a potion of invisibility {unknown}
Miscellaneous
 S - a box of beasts


   Skills:
 + Level 7.1 Fighting
 * Level 10.3 Axes
 + Level 7.1 Throwing
 - Level 8.2 Armour
 - Level 6.6 Dodging
 * Level 4.8 Shields


You had 10 spell levels left.
You didn't know any spells.
Your spell library contained the following spells:

 Spells                   Type           Power      Damage    Failure   Level
 Animate Skeleton         Necr           0%         N/A       100%        1
 Freeze                   Ice            0%         1d3       100%        1
 Pain                     Necr           0%         1d4       100%        1
 Sandblast                Erth           0%         2d4       100%        1
 Passwall                 Tmut/Erth      0%         N/A       100%        2
 Poisonous Vapours        Pois/Air       0%         N/A       100%        2
 Frozen Ramparts          Ice            0%         1d2       100%        3
 Inner Flame              Hex/Fire       0%         N/A       100%        3
 Stone Arrow              Conj/Erth      0%         3d7       100%        3
 Swiftness                Air            0%         N/A       100%        3
 Vampiric Draining        Necr           0%         2d6       100%        3
 Hailstorm                Conj/Ice       0%         3d3       100%        4
 Summon Forest            Summ/Tloc      0%         N/A       100%        5
 Summon Mana Viper        Hex/Summ       0%         N/A       100%        5
 Yara's Violent Unravell  Hex/Tmut       0%         3d3       100%        5
 Summon Cactus Giant      Summ           0%         N/A       100%        6


Dungeon Overview and Level Annotations

Branches:
Dungeon (11/15)            Temple (1/1) D:7            Lair (0/6) D:9
    Orc (0/2) D:11

Annotations:
D:9 2 transporters, AvatarAndi78's ghost, novice MiBe
D:14 Frances


Innate Abilities, Weirdness & Mutations

Your attributes grow dramatically as you level up.
You have an increased reservoir of magic. (+10% MP)
You shall have no god before yourself.


Message History

The molten gargoyle hits you with a +0 mace!
You are engulfed in flames!
You block the molten gargoyle's attack.
Unknown command.
Unknown command.
Unknown command.
You slash the molten gargoyle!
The molten gargoyle is moderately damaged.
You hit the molten gargoyle but do no damage. x2
You block the molten gargoyle's attack. The molten gargoyle closely misses you.
You block the molten gargoyle's attack. The molten gargoyle closely misses you.
You hit the molten gargoyle.
The molten gargoyle is heavily damaged.
You hit the molten gargoyle. You slash the molten gargoyle!
The molten gargoyle barely misses you.
The molten gargoyle hits you with a +0 dire flail!
You are engulfed in flames!
You block the molten gargoyle's attack.
You barely miss the molten gargoyle.
The molten gargoyle is heavily damaged.
You closely miss the molten gargoyle.
You hit the molten gargoyle but do no damage.
You block the molten gargoyle's attack.
The molten gargoyle hits you but does no damage.
The molten gargoyle hits you with a +0 mace!
You are engulfed in flames!
* * * LOW HITPOINT WARNING * * *
You barely miss the molten gargoyle.
The molten gargoyle is heavily damaged.
You slash the molten gargoyle!
You destroy the molten gargoyle!
You barely miss the molten gargoyle.
The molten gargoyle hits you but does no damage. x2
The molten gargoyle blasts magma at you!
The bolt of magma misses you.
You slash the molten gargoyle!
The molten gargoyle is severely damaged.
You barely miss the molten gargoyle. You block the molten gargoyle's attack.
The molten gargoyle hits you with a +0 mace!
* * * LOW HITPOINT WARNING * * *
You are engulfed in flames!
You die...

**,≈≈§889≈.*,*#..# *,,,,
*,*,§≈88≈≈≈,**#..# **,**
**,≈§≈§≈≈≈.#,*#.?# *,*
*,*,≈≈≈≈≈≈..###..#######,*
**,,.≈...9.#...........#,*
*,*,*,*,#.#.###.#.####.#,**
**,*,*,#,#.#.##.#.#*,,,,,,,
****#.#.##9###.#.#*,*,*,**
#...9@)# #.#.#*,*,*,*
######.# #.#....#,*,** #.#
#.###..#,*,** #.#
#..,,..#,*,,, #.#
*****,##,**** #.# *,**,* *
#.#******,**,* *
*..,>,,,,,,,,* *
*********,**** *


You could see 2 molten gargoyles.

Vanquished Creatures
  A centaur warrior (D:11)
  A boulder beetle (D:11)
  A two-headed ogre (D:11)
  A deep elf pyromancer (D:11)
  A wolf spider (D:11)
  A cyclops (D:11)
  Joseph (D:7)
  A molten gargoyle (D:14)
  An efreet (D:11)
  A kobold demonologist (D:10)
  A komodo dragon (D:10)
  2 trolls
  3 meliai (D:10)
  Prince Ribbit (D:5)
  Grinder (D:6)
  A meliai zombie (D:11)
  13 yaks (D:9)
  3 wyverns (D:9)
  A wraith (D:10)
  A steam dragon (D:8)
  A basilisk (D:9)
  2 acid dragons (D:8)
  Duvessa (D:7)
  3 water moccasins
  A hornet zombie (D:6)
  4 ice beasts
  3 orc warriors
  2 sky beasts (D:6)
  A black bear (D:6)
  4 ogres
  2 necrophages
  4 centaurs
  A phantom (D:6)
  3 kobold brigands
  3 bullfrogs
  4 scorpions
  A wyvern zombie (D:6)
  2 gnoll sergeants
  A water moccasin zombie (D:5)
  A water moccasin skeleton (D:5)
  Dowan (D:7)
  12 killer bees
  5 wights (D:6)
  2 electric eels (D:9)
  6 howler monkeys
  A bullfrog zombie (D:5)
  Crazy Yiuf (D:2)
  3 centaur zombies
  6 crimson imps (D:8)
  2 hounds (D:5)
  A centaur skeleton (D:7)
  3 gnoll shamans
  6 orc priests
  A bullfrog skeleton (D:5)
  4 iguanas
  7 orc wizards
  A killer bee zombie (D:6)
  A howler monkey zombie (D:7)
  27 gnolls
  3 adders
  2 howler monkey skeletons
  2 shadow imps
  4 white imps
  An ufetubus (D:6)
  An adder skeleton (D:5)
  The ghost of fly the Sneak, a weakling FoDe (D:5)
  5 dart slugs
  2 worms
  49 orcs
  3 ball pythons
  6 bats
  9 endoplasms
  5 giant cockroaches
  6 goblins
  10 hobgoblins
  8 jackals (D:1)
  20 kobolds
  3 quokkas
  A frilled lizard (D:1)
  3 rats (D:1)
315 creatures vanquished.

Vanquished Creatures (others)
  4 fungi (D:9)
  15 plants (D:9)
19 creatures vanquished.

Grand Total: 334 creatures vanquished

Notes
Turn   | Place    | Note
-------+----------+-------------------------------------------
     0 | D:1      | 1994 the Demigod Gladiator began the quest for the Orb.
     0 | D:1      | Reached XP level 1. HP: 17/17 MP: 3/3
   233 | D:1      | Reached XP level 2. HP: 24/24 MP: 4/4
   450 | D:1      | Reached skill level 3 in Axes
   758 | D:1      | Reached XP level 3. HP: 27/29 MP: 5/5
   823 | D:2      | Reached skill level 1 in Armour
  1152 | D:2      | HP: 1/29 [gnoll (2)]
  1165 | D:2      | HP: 1/29 [gnoll (2)]
  1757 | D:2      | Reached XP level 4. HP: 37/37 MP: 6/6
  2095 | D:2      | Found a runed translucent door.
  2096 | D:2      | Noticed Crazy Yiuf
  2198 | D:2      | Killed Crazy Yiuf
  2833 | D:3      | Reached XP level 5. HP: 19/42 MP: 7/7
  3785 | D:3      | Reached skill level 4 in Axes
  4250 | D:4      | Noticed an ogre
  4657 | D:4      | Reached XP level 6. HP: 50/50 MP: 8/8
  5032 | D:5      | Entered Level 5 of the Dungeon
  5146 | D:5      | Reached XP level 7. HP: 44/57 MP: 9/9
  5284 | D:5      | Reached skill level 5 in Axes
  5301 | D:5      | Noticed fly's ghost (weakling FoDe)
  5581 | D:5      | Found a runed translucent gate.
  5582 | D:5      | Found a runed translucent gate.
  5583 | D:5      | Found a runed translucent gate.
  6022 | D:5      | Killed fly's ghost
  6028 | D:5      | Reached XP level 8. HP: 56/66 MP: 10/10
  6202 | D:6      | Reached skill level 6 in Axes
  6211 | D:6      | Noticed Prince Ribbit
  6472 | D:5      | Reached skill level 5 in Armour
  6743 | D:5      | Killed Prince Ribbit
  7314 | D:6      | Reached skill level 5 in Dodging
  7595 | D:6      | Reached XP level 9. HP: 40/72 MP: 11/11
  7754 | D:6      | Noticed Grinder
  7792 | D:6      | Killed Grinder
  8271 | D:5      | Reached skill level 7 in Axes
  8583 | D:6      | Reached skill level 5 in Fighting
  8878 | D:7      | Noticed Joseph
  8900 | D:7      | Killed Joseph
  8901 | D:7      | Reached skill level 5 in Throwing
  9022 | D:7      | Noticed Dowan
  9023 | D:7      | Noticed Duvessa
  9032 | D:7      | Killed Dowan
  9033 | D:7      | Killed Duvessa
  9733 | D:7      | Found a staircase to the Ecumenical Temple.
  9747 | Temple   | Entered the Ecumenical Temple
 10606 | D:8      | Reached skill level 8 in Axes
 10606 | D:8      | Reached XP level 10. HP: 71/81 MP: 13/13
 10634 | D:8      | Got the Catalogue of Lightness and Bewitchment
 11803 | D:9      | Found a transporter.
 11807 | D:9      | Found a transporter.
 13191 | D:9      | Reached skill level 9 in Axes
 13755 | D:9      | Found a staircase to the Lair.
 13870 | D:9      | Reached skill level 1 in Shields
 14330 | D:9      | Noticed AvatarAndi78's ghost (novice MiBe)
 14375 | D:10     | Entered Level 10 of the Dungeon
 14521 | D:10     | Reached XP level 11. HP: 14/91 MP: 14/14
 16078 | D:11     | Found a staircase to the Orcish Mines.
 16246 | D:11     | Noticed a two-headed ogre
 16264 | D:11     | Killed a two-headed ogre
 16488 | D:11     | Noticed a boulder beetle
 16640 | D:11     | Killed a boulder beetle
 16644 | D:11     | Reached skill level 10 in Axes
 16914 | D:11     | Noticed a centaur warrior
 16931 | D:11     | Killed a centaur warrior
 17468 | D:11     | Noticed a deep elf pyromancer
 17481 | D:11     | Killed a deep elf pyromancer
 17677 | D:11     | Noticed a tengu warrior
 17693 | D:11     | You fall into a shaft and drop 3 floors!
 17693 | D:14     | Noticed Frances
 18070 | D:14     | Slain by a molten gargoyle

Illustrated notes

Levels and vault maps discovered:
D:1:      minmay_arrival_wavy_path, layout_basic
D:2:      layout_loops_cross, hellmonk_ecumenical_altar_crossroads,
          uniq_crazy_yiuf_cottage
D:3:      layout_loops_corners, chequers_mini_garden, roderic_roman_lattice,
          minivault_4
D:4:      layout_basic, elyvilon_altar_3, st_stairs_2
D:5:      layout_gridville, gammafunk_ghost_split, nrook_mini_vaults
D:6:      layout_loops_cross, uniq_grinder, uniq_prince_ribbit1
D:7:      layout_cave_pools, minmay_temple_entry_offerings, uniq_joseph,
          uniq_duvessa
D:8:      layout_layer_cave, nicolae_concentric_dashed_squares_wild,
          minmay_nine_imps
D:9:      layout_long_grid, minmay_lair_entry_grove, gammafunk_ghost_hive,
          serial_bayou_lagoon_b
D:10:     layout_irregular_city
D:11:     minmay_tri_box, layout_rooms, hiddenorc2_lemuel
D:14:     layout_loops_ring, ximxim_vaults_locker_room, fiery_altar_vehumet,
          minivault_8, uniq_frances
Temple:   minmay_crystal_snake_temple

Skill      XL: |  1  2  3  4  5  6  7  8  9 10 11 |
---------------+----------------------------------+-----
Fighting       | 2 3 4 5 6 7 |  7.1
Throwing       | 2 3 4 5 6 7 |  7.1
Axes           | 3 4 5 6 8 9 10 | 10.3
Dodging        | 3 4 5 6 |  6.6
Armour         | 1 2 3 4 5 7 8 |  8.2
Shields        | 1 4 |  4.8

Action                   |  1- 3 |  4- 6 |  7- 9 | 10-12 || total
-------------------------+-------+-------+-------+-------++-------
Melee: War axe           |   127 |   154 |    11 |   188 ||   480
       Hand axe          |       |    37 |   385 |   280 ||   702
       Trident           |       |       |       |    23 ||    23
Throw: Dart              |       |     4 |     3 |    23 ||    30
  Use: Scroll            |       |     3 |     9 |     6 ||    18
       Potion            |       |     2 |     2 |     3 ||     7
 Stab: Sleeping          |     1 |       |       |       ||     1
Armor: Leather armour    |    49 |    16 |       |       ||    65
       Chain mail        |       |    97 |   224 |   237 ||   558
       Skin              |       |       |       |    55 ||    55
Dodge: Dodged            |   128 |   110 |   252 |   354 ||   844
Block: Kite shield       |       |       |       |   193 ||   193

Table legend: (Time is in decaauts)
 A = Elapsed time spent in this place.
 B = Non-inter-level travel time spent in this place.
 C = Inter-level travel time spent in this place.
 D = Time resting spent in this place.
 E = Time spent auto-exploring this place.
 F = Levels seen in this place.
 G = Mean time per level.
                   A        B        C        D        E       F      G
               +--------+--------+--------+--------+--------+-----+--------+
         Total |  18249 |  17383 |    866 |   7893 |   6064 |  13 | 1403.8 |
       Dungeon |  18248 |  17382 |    866 |   7893 |   6064 |  12 | 1520.7 |
        Temple |      1 |      1 |      0 |      0 |      0 |   1 |    1.0 |
               +--------+--------+--------+--------+--------+-----+--------+

Top non-repeatable levels by time:
     D:9: 2391 daAuts
     D:5: 2203 daAuts
     D:3: 1934 daAuts
     D:8: 1858 daAuts
    D:11: 1707 daAuts
     D:6: 1697 daAuts
    D:10: 1379 daAuts
     D:2: 1339 daAuts
     D:1: 1237 daAuts
     D:7: 1209 daAuts
     D:4: 912 daAuts
    D:14: 376 daAuts
  Temple: 1 daAuts
